Map: Acropolis LE

Players

Mez - Winner!

  • Race: Terran Terran
  • League: Master
  • Spawn Location: 5:00

IIIIIIIIIIII

  • Race: Terran Terran
  • League: Master
  • Spawn Location: 11:00

VOD

Have the link to the VOD?

Description

Time

  • Played on: July 28, 2019, 9:49 a.m.
  • Length: 8:54
Show
View Real Time Build Order
Export as new Build Order

Mez Terran - Winner!

Build Orders: Reaper Expand 

Get SALT Encoding   

  12  0:03  SCV  
  13  0:15  SCV  
  13  0:19  Supply Depot  
  14  0:28  SCV  
  15  0:40  SCV  
  16  0:43  Barracks  
  16  0:46  Refinery  
  16  0:53  SCV  
  17  1:05  SCV  
  18  1:19  SCV  
  19  1:32  Reaper, Orbital Command  
  20  1:43  Command Center  
  20  1:59  Barracks  
  20  2:00  SCV  
  21  2:05  Barracks Reactor  
  21  2:09  Supply Depot  
  21  2:12  SCV  
  22  2:25  SCV, Barracks  
  23  2:37  SCV  
  24  2:45  Marine x2  
  24  2:50  Barracks Tech Lab  
  26  2:52  SCV  
  26  2:55  Orbital Command  
  27  3:04  SCV, Marine x2  
  30  3:09  Concussive Shells, Marauder  
  32  3:12  Marine  
  32  3:16  SCV  
  34  3:20  Supply Depot  
  34  3:22  SCV  
  34  3:24  Marine x2  
  37  3:28  SCV  
  37  3:31  Marauder  
  37  3:32  Marine  
  41  3:34  SCV  
  41  3:38  Engineering Bay  
  42  3:42  Supply Depot  
  42  3:44  Marine x2  
  42  3:47  SCV x2  
  46  3:52  Marine  
  46  3:53  Marine  
  46  3:55  Stimpack  
  48  3:59  SCV x2  
  50  4:07  Supply Depot  
  50  4:09  Marine  
  50  4:10  Marine  
  50  4:11  SCV x2  
  50  4:12  Marine x2  
  50  4:16  Terran Infantry Weapons Level 1  
  56  4:25  Factory  
  56  4:27  SCV x2, Marine x2  
  56  4:31  Refinery  
  60  4:35  Refinery  
  52  4:51  Marine x2  
  52  4:52  Marine  
  51  4:55  SCV x2  
  52  5:04  Barracks Reactor, Command Center  
  52  5:05  Barracks x2  
  52  5:07  SCV  
  52  5:08  SCV  
  52  5:12  Starport  
  54  5:16  Factory Reactor  
  54  5:19  SCV, Marine x2  
  54  5:20  SCV, Marine  
  59  5:26  Refinery  
  59  5:32  SCV x2  
  61  5:36  Supply Depot  
  61  5:37  Supply Depot  
  61  5:43  Marine x4  
  61  5:44  SCV, Marine  
  61  5:47  SCV  
  68  5:55  Combat Shield, Marine x2  
  70  5:58  SCV  
  70  5:59  Medivac x2  
  70  6:01  Marine x3  
  78  6:05  Supply Depot  
  78  6:07  Supply Depot  
  78  6:14  Barracks Reactor x2  
  78  6:15  Terran Infantry Armor Level 1  
  78  6:22  SCV x2  
  78  6:23  Marine x4  
  78  6:25  Marauder  
  86  6:32  Supply Depot  
  86  6:33  Medivac x2, Supply Depot  
  86  6:34  SCV  
  86  6:36  SCV  
  92  6:43  Orbital Command  
  92  6:46  SCV  
  93  6:48  Marine x3, Marauder  
  98  6:55  SCV  
  98  6:58  SCV  
  99  7:10  Marauder  
  99  7:12  Marine x7  
  99  7:13  Marine, Medivac x2  
  113  7:19  Armory, Supply Depot  
  113  7:20  Engineering Bay, SCV x2  
  113  7:21  Supply Depot  
  115  7:28  SCV  
  116  7:31  Refinery  
  116  7:32  SCV x2, Marine x6  
  118  7:40  SCV  
  100  7:49  Marine x3  
  100  7:50  Marine x4  
  100  7:51  Medivac x2  
  103  7:52  Marine x2  
  107  8:03  Command Center  
  107  8:07  Marine, Marauder  
  110  8:13  SCV x3  
  113  8:21  Marine x4  
  113  8:22  Marine x3  
  120  8:29  Marauder  
  122  8:35  Missile Turret x2, Barracks x2  
  122  8:36  Barracks  
  122  8:38  Missile Turret  
Show
View Real Time Build Order
Export as new Build Order

IIIIIIIIIIII Terran 

Build Orders: Mech 

Get SALT Encoding   

  12  0:00  SCV  
  13  0:13  SCV  
  14  0:17  Supply Depot  
  14  0:25  SCV  
  14  0:27  Refinery  
  15  0:39  SCV  
  16  0:45  Barracks  
  16  0:51  SCV  
  16  0:56  Refinery  
  17  1:03  SCV  
  18  1:15  SCV  
  19  1:31  Orbital Command  
  19  1:32  Reaper  
  20  1:37  Factory  
  20  1:49  Supply Depot  
  20  1:57  SCV  
  21  2:05  Reaper  
  22  2:18  Command Center  
  22  2:22  SCV  
  23  2:26  Hellion  
  25  2:34  SCV  
  26  2:39  Barracks Reactor  
  26  2:42  Supply Depot  
  26  2:46  SCV  
  26  2:49  Hellion  
  29  2:58  SCV  
  30  3:01  Starport  
  30  3:10  SCV  
  30  3:11  Factory Tech Lab  
  31  3:18  Marine x2  
  33  3:25  SCV  
  34  3:31  Orbital Command  
  34  3:33  Refinery  
  34  3:34  Cyclone  
  37  3:39  Viking  
  39  3:42  SCV  
  40  3:49  Marine  
  40  3:50  Marine  
  40  3:54  SCV  
  43  3:57  SCV  
  43  3:59  Refinery  
  44  4:06  SCV  
  45  4:10  Marine  
  45  4:11  Marine  
  45  4:12  SCV  
  45  4:13  Factory Reactor  
  45  4:16  Supply Depot  
  48  4:18  SCV  
  48  4:20  Raven  
  51  4:24  SCV  
  51  4:30  SCV, Marine  
  54  4:37  Marine  
  54  4:38  SCV  
  52  4:52  SCV  
  52  4:55  SCV  
  52  4:57  Supply Depot  
  53  5:05  SCV, Starport  
  54  5:07  SCV  
  55  5:16  Viking x2, Siege Tank  
  55  5:19  SCV x2  
  55  5:21  Supply Depot  
  64  5:29  Liberator x2  
  64  5:31  SCV  
  64  5:32  SCV  
  66  5:42  Supply Depot  
  66  5:43  Viking x2, SCV  
  66  5:44  SCV  
  78  5:51  Supply Depot  
  82  6:04  Siege Tank, SCV  
  82  6:06  Liberator x2, Supply Depot  
  82  6:11  SCV  
  83  6:13  Supply Depot  
  83  6:16  SCV  
  90  6:31  Viking  
  90  6:32  Command Center  
  92  6:33  Viking  
  92  6:36  Siege Tank  
  92  6:37  Supply Depot  
  97  6:44  SCV  
  97  6:45  SCV  
  99  6:53  Factory  
  93  7:13  Viking, Siege Tank  
  93  7:14  Viking  
  95  7:18  SCV  
  95  7:22  Barracks Reactor  
  96  7:27  Factory  
  78  7:45  Siege Tank  
  78  7:46  Hellion  
  66  7:53  Viking  
  66  7:54  Orbital Command  
  68  7:59  SCV  
  68  8:04  Armory  
  69  8:05  Engineering Bay  
  69  8:06  SCV  
  72  8:14  Factory Reactor  
  72  8:17  Factory, Siege Tank  
  73  8:22  Hellion x2  
  73  8:26  SCV  
  78  8:35  SCV  
  78  8:38  Armory  
Tags
 
Composition
Mech
Matchup
TvT
Race
Terran
Spawn Locations
Cross Positions
Add a new tag
Caveats
  • Supply blocks, unpowered buildings, or Contaminate may cause inaccurate times.
  • Supply counts are checked every 10 seconds.